 Dungeon Crawl Stone Soup version 0.19.0-18-g426998a (webtiles) character file.

48 vale the Shooter (level 3, 0/20 HPs)
             Began as a Tengu Arcane Marksman on Nov 12, 2016.
             Succumbed to an adder's poison
             ... on level 1 of the Dungeon.
             The game lasted 00:04:52 (2066 turns).

vale the Shooter (Tengu Arcane Marksman)            Turns: 2066, Time: 00:04:52

Health: 0/20       AC:  3    Str: 11    XL:     3   Next: 72%
Magic:  5/5        EV: 15    Int: 13    God:
Gold:   85         SH:  0    Dex: 14    Spells: 1 memorised, 3 levels left

rFire  . . .     SeeInvis .     o - -2 dagger (curse)
rCold  . . .     Gourm    .     e - +0 robe
rNeg   . . .     Faith    .     (no shield)
rPois  .         Spirit   .     (helmet restricted)
rElec  .         Reflect  .     (no cloak)
rCorr  .         Harm     .     h - +0 pair of gloves
MR     .....                    (boots unavailable)
Stlth  +.........               (no amulet)
                                (no ring)
                                (no ring)

@: lethally poisoned (0 -> -7), flying quickly and evasively, quick
A: beak, talons 3
a: no special abilities


You were on level 1 of the Dungeon.
You were not hungry.

You visited 1 branch of the dungeon, and saw 2 of its levels.

You collected 85 gold pieces.

Inventory:

Hand Weapons
 a - a +0 whip
 b - a +0 shortbow
 o - a cursed -2 dagger (weapon)
Missiles
 d - 34 arrows
 k - 46 stones (quivered)
Armour
 e - a +0 robe (worn)
 h - a +0 pair of gloves (worn)
 j - a +0 ring mail
Jewellery
 q - an uncursed ring of magical power {unknown}
 t - a +2 amulet of reflection {unknown}
Potions
 g - a potion of flight
 n - a potion of haste {unknown}
Books
 c - a book of Debilitation

   Spells                             Type                      Level
   a - Corona                         Hexes                        1
   b - Slow                           Hexes                        2
   c - Gell's Gravitas                Hexes/Translocation          3
   d - Inner Flame                    Hexes/Fire                   3
   e - Cause Fear                     Hexes                        4
   f - Leda's Liquefaction            Hexes/Earth                  4
Comestibles
 f - a bread ration {@e1}
 m - a beef jerky
 r - a chunk of flesh {@w0}


   Skills:
 - Level 1.0 Fighting
 + Level 4.3 Bows
 - Level 2.1 Dodging
 - Level 1.0 Spellcasting
 - Level 2.1 Hexes


You had 3 spell levels left.
You knew the following spells:

 Your Spells              Type           Power        Failure   Level  Hunger
a - Corona                Hex            #......      14%         1    ##.....


Dungeon Overview and Level Annotations

Branches:
Dungeon (2/15)

Altars:


Innate Abilities, Weirdness & Mutations

You have a beak for a mouth.
You have claws for feet.


Message History

The adder bites you.
* * * LOW HITPOINT WARNING * * *
You are lethally poisoned!
The adder poisons you!
You take 3 damage, and have 5/20 hp.
You closely miss the adder. You peck the adder. The adder misses you. x2
You hit the adder but do no damage. Your peck misses the adder.
* * * LOW HITPOINT WARNING * * *
You feel sick. The adder misses you.
You take 1 damage, and have 4/20 hp.
You closely miss the adder. The adder completely misses you.
You hit the adder. You claw the adder, but do no damage.
* * * LOW HITPOINT WARNING * * *
You feel sick. The adder bites you.
* * * LOW HITPOINT WARNING * * *
You take 3 damage, and have 1/20 hp.
Enter note: give me a fucking break You miss the adder.
You peck the adder.
You kill the adder!
You die...

#.# ##'## #.# #.#######
#.# #.# ........#
#.###########.#
.######.###.##........#.#
.# #.##...#.######.#.#
.######.#......######.#.#
.....##.##[.[#.##.......#
.###....###.##.#...##.###
.#########......@..##.#
##..≈≈≈..##.##.#.>.##.#
#.≈≈≈≈≈≈≈.#.##........#
#..≈≈≈≈≈..#.###########
##...≈...##.#
############## ##≈.≈##
##..## # ##'## ##....#
####...####§.§.###


There were no monsters in sight!

Vanquished Creatures
  An adder (D:1)
  3 dart slugs (D:1)
  A leopard gecko (D:1)
  2 giant cockroaches (D:1)
  4 goblins (D:1)
  3 hobgoblins
  2 jackals (D:1)
  3 kobolds (D:1)
  7 bats (D:1)
  3 rats (D:1)
29 creatures vanquished.

Notes
Turn   | Place    | Note
-------+----------+-------------------------------------------
     0 | D:1      | vale the Tengu Arcane Marksman began the quest for the Orb.
     0 | D:1      | Reached XP level 1. HP: 12/12 MP: 3/3
   467 | D:1      | Reached XP level 2. HP: 15/16 MP: 4/4
   472 | D:1      | Reached skill level 3 in Bows
  1328 | D:1      | Reached XP level 3. HP: 14/20 MP: 5/5
  1641 | D:1      | Reached skill level 4 in Bows
  2064 | D:1      | HP: 1/20 [adder (2)]
  2065 | D:1      | give me a fucking break
  2066 | D:1      | Succumbed to an adder's poison

Skill      XL: |  1  2  3 |
---------------+----------+-----
Bows           | 3 4 |  4.3
Fighting       | |  1.0
Dodging        | |  2.1
Spellcasting   | |  1.0
Hexes          | |  2.1

Action                   || total
-------------------------++-------
Melee: Club              ||     4
       Kick              ||    30
       Peck              ||    30
       Whip              ||     2
       Unarmed           ||     1
       Dagger            ||   127
 Fire: Shortbow          ||     7
Throw: Stone             ||     3
 Cast: Corona            ||     2
  Use: Scroll            ||     4
       Potion            ||     3
  Eat: Chunk             ||     4
Armor: Robe              ||    33
Dodge: Dodged            ||    96
